 Dungeon Crawl Stone Soup version 0.31-a0-1101-g9ad1905e61 (webtiles) character file.

Game seed: 6921501827607317768

19109 kae the Slicer (level 12, 0/91 HPs)
             Began as a Demonspawn Enchanter on Dec 1, 2023.
             Was a High Priest of Dithmenos.
             Killed from afar by Jorgrun (53 damage)
             ... with an iron shot
             ... on level 13 of the Dungeon.
             The game lasted 00:20:25 (12327 turns).

kae the Slicer (Demonspawn Enchanter)              Turns: 12327, Time: 00:20:25

Health: 0/91       AC: 13    Str: 12    XL:     12   Next: 33%
Magic:  0/30       EV: 17    Int: 26    God:    Dithmenos [*****.]
Gold:   652        SH:  0    Dex: 23    Spells: 4/23 levels left

rFire   . . .        A - +2 dagger (protect)
rCold   + . .        (no shield)
rNeg    + . .        z - +2 leather armour {rC+}
rPois   +            (no helmet)
rElec   +            g - +2 cloak
rCorr   .            h - +2 pair of gloves {Dex+3}
SInv    .            s - +0 pair of boots
Will    .....        (no amulet)
Stlth   ++++++++     q - ring "Motumatz" {rPois MP+9 Str+3 Int+6 Dex+2}
HPRegen 0.35/turn    x - ring of Win Xumo {Fly rElec rN+ Int+4}
MPRegen 0.44/turn

%: guardian spirit
@: flying, wreathed by umbra, studying 2 skills
A: hooves 1, repulsion field 2, magic shield, magic regeneration, demonic magic
1
a: Renounce Religion, Shadow Step, Shadow Form


You were on level 13 of the Dungeon.
You worshipped Dithmenos.
Dithmenos was extremely pleased with you.
You visited 1 branch of the dungeon, and saw 13 of its levels.
You also visited: Bailey.

You collected 1612 gold pieces.
You spent 960 gold pieces at shops.


Innate Abilities, Weirdness & Mutations

You have large cloven feet.
You are surrounded by a moderate repulsion field. (EV +3)
When hurt, damage is shared between your health and your magic reserves.
You regenerate magic rapidly.
Spells you cast may paralyse adjacent enemies.


   Skills:
 + Level 7.1 Fighting
 * Level 10.8 Short Blades
 - Level 5.0 Armour
 + Level 3.9 Dodging
 * Level 10.5 Stealth
 - Level 6.0 Spellcasting
 + Level 1.7 Conjurations
 + Level 7.7 Hexes
 - Level 5.0 Ice Magic


You had 4 spell levels left.
You knew the following spells:

 Your Spells              Type           Power      Damage    Failure   Level
a - Ensorcelled Hibernat  Hex/Ice        80%        N/A       1%          2
b - Confusing Touch       Hex            48%        N/A       1%          3
c - Tukima's Dance        Hex            48%        N/A       1%          3
d - Dazzling Flash        Conj/Hex       64%        N/A       3%          3
e - Enfeeble              Hex            24%        N/A       97%         7
f - Magic Dart            Conj           68%        1d6       4%          1

Your spell library contained the following spells:

 Spells                   Type           Power      Damage    Failure   Level
 Freeze                   Ice            100%       1d10      1%          1
 Frozen Ramparts          Ice            66%        1d10      3%          3
 Inner Flame              Hex/Fire       27%        N/A       5%          3
 Shock                    Conj/Air       48%        1d6       6%          1
 Searing Ray              Conj           34%        2d5       6%          2
 Hailstorm                Conj/Ice       25%        3d7       7%          3
 Sting                    Tmut/Pois      28%        1d4       9%          1
 Fulminant Prism          Conj/Hex       16%        3d11      12%         4
 Poisonous Vapours        Pois/Air       14%        N/A       13%         2
 Swiftness                Air            7%         N/A       26%         3
 Airstrike                Air            3%         2d(1-17)  65%         4
 Olgreb's Toxic Radiance  Pois           7%         N/A       65%         4
 Vhi's Electric Charge    Tloc/Air       14%        N/A       65%         4
 Yara's Violent Unravell  Hex/Tmut       13%        3d7       45%         5
 Iskenderun's Battlesphe  Conj           17%        2d7       75%         5
 Arcjolt                  Conj/Air       6%         1d16      86%         5
 Bombard                  Conj/Erth      6%         9d2       100%        6
 Plasma Beam              Fire/Air       3%         2x1d13    100%        6
 Spellforged Servitor     Conj/Summ      6%         N/A       100%        7

Inventory:

Hand Weapons
 a - a +2 dagger of flaming
 A - a +2 dagger of protection (weapon)
   (You took it off an orc on level 7 of the Dungeon)
 M - a +3 dagger of freezing
   (You took it off a kobold on level 9 of the Dungeon)
Missiles
 d - 22 stones
Armour
 g - a +2 cloak (worn)
   (You found it on level 1 of the Dungeon)
 h - a +2 pair of gloves of dexterity (worn)
   (You found it on level 8 of the Dungeon)
 s - a +0 pair of boots (worn)
   (You found it on level 3 of the Dungeon)
 z - a +2 leather armour of cold resistance (worn)
   (You took it off Eustachio on level 5 of the Dungeon)
Magical Staves
 n - a staff of conjuration {!a}
   (You found it on level 2 of the Dungeon)
Jewellery
 c - a ring of protection from cold
   (You found it on level 4 of the Dungeon)
 q - the ring "Motumatz" (left hand) {rPois MP+9 Str+3 Int+6 Dex+2}
   (You took it off a hobgoblin on level 3 of the Dungeon)

   [ring of intelligence]

   Str+3:     It affects your strength (+3).
   Int+6:     It affects your intelligence (+6).
   Dex+2:     It affects your dexterity (+2).
   rPois:     It protects you from poison MP+9: It affects your magic capacity
   (+9).
 x - the ring of Win Xumo (right hand) {Fly rElec rN+ Int+4}
   (You acquired it on level 11 of the Dungeon)

   [ring of flight]

   Int+4:     It affects your intelligence (+4).
   rElec:     It insulates you from electricity.
   rN+:       It protects you from negative energy.
   Fly:       It grants you flight.
 C - a ring of ice
   (You found it on level 2 of the Dungeon)
 E - a +5 ring of evasion
   (You found it on level 9 of the Dungeon)
Wands
 i - a wand of paralysis (7)
   (You found it on level 4 of the Dungeon)
 r - a wand of flame (43)
   (You found it on level 7 of the Dungeon)
 v - a wand of polymorph (13)
   (You found it on level 3 of the Dungeon)
 F - a wand of light (7)
   (You found it on level 12 of the Dungeon)
 G - a wand of digging (4)
   (You found it on level 12 of the Dungeon)
 J - a wand of roots (14)
   (You found it on level 9 of the Dungeon)
Scrolls
 b - 2 scrolls of poison
 f - 7 scrolls of teleportation {@r4}
 u - 3 scrolls of immolation {!r!r}
 B - a scroll of summoning
 L - a scroll of blinking {!r}
 O - a scroll of vulnerability {!r!r}
Potions
 e - 3 potions of resistance
 k - a potion of degeneration {!q}
 l - a potion of magic
 m - a potion of invisibility
 o - 7 potions of curing {@q1}
 p - a potion of berserk rage {unknown}
 t - a potion of enlightenment {unknown}
 w - 4 potions of mutation {unknown}
 D - 2 potions of might
 H - 2 potions of haste {unknown}
 K - 2 potions of brilliance
 N - a potion of attraction {!q}

Dungeon Overview and Level Annotations

Branches:
Dungeon (13/15) Zot: 26898  Temple (0/1) D:7            Lair (0/5) D:8
    Orc (0/2) D:9          Bailey (visited)
 Vaults: D:13-14

Altars:
Cheibriados
Dithmenos
Fedhas
Gozag
Kikubaaqudgha
Qazlal
Ru
Uskayaw
Vehumet
Yredelemnul

Shops:
D:4 :   D:11 [

Annotations:
D:2 1 runed translucent door, Crazy Yiuf
D:12 2 transporters, 1 exclusion, zurenarrh's ghost, journeyman DjFE
D:13 Jorgrun; Kirke; Nessos

.........
##.......
......C.###
. ..........
..#
#.........
....
#.........
.....
#.g...#
......##@#
#......#
#......#
#........
#..........
#...##.#####
#... ..#
#... ..#
#... ..#


You could see Jorgrun and a frost giant.


Message History

You regained 3 mp, and now have 28/30 mp.
Jorgrun hits you with a +0 heavy quarterstaff. 😮 MP[-1]
You lost 1 mp, and now have 27/30 mp.
Casting: Ensorcelled Hibernation (safe; 1% risk of failure)
Confirm with . or Enter, or press ? or * to list all spells.
Aiming: Ensorcelled Hibernation (safe; 1% risk of failure)
Press: ? - help, Shift-Dir - straight line, f - Jorgrun
Aim: Jorgrun, wielding a +0 heavy quarterstaff and wearing a +0 robe (umbra, chance to affect: 1%) Jorgrun resists with almost no effort.
Malevolent energies surge around you.
Jorgrun hits you with a +0 heavy quarterstaff. 😮 HP[-1] MP[-3]
You take 1 damage, and now have 61/91 hp.
You lost 3 mp, and now have 24/30 mp.
Unknown command.
Casting: Ensorcelled Hibernation (safe; 1% risk of failure)
Confirm with . or Enter, or press ? or * to list all spells.
Aiming: Ensorcelled Hibernation (safe; 1% risk of failure)
Press: ? - help, Shift-Dir - straight line, f/p - Jorgrun
Aim: Jorgrun, wielding a +0 heavy quarterstaff and wearing a +0 robe (umbra, chance to affect: 1%) Jorgrun resists with almost no effort.
Malevolent energies surge around you.
Your shadow mimics your spell!
Jorgrun resists with almost no effort. 😮 HP[+1] MP[-1]
You lost 1 mp, and now have 23/30 mp.
Unknown command.
Casting: Ensorcelled Hibernation (safe; 1% risk of failure)
Confirm with . or Enter, or press ? or * to list all spells.
Aiming: Ensorcelled Hibernation (safe; 1% risk of failure)
Press: ? - help, Shift-Dir - straight line, f/p - Jorgrun
Aim: Jorgrun, wielding a +0 heavy quarterstaff and wearing a +0 robe (umbra, chance to affect: 1%) Jorgrun resists with almost no effort.
Malevolent energies surge around you.
Your shadow mimics your spell!
Jorgrun resists with almost no effort.
Jorgrun misses you. 😮 MP[-2]
You lost 2 mp, and now have 21/30 mp.
Unknown command.
Casting: Ensorcelled Hibernation (safe; 1% risk of failure)
Confirm with . or Enter, or press ? or * to list all spells.
Aiming: Ensorcelled Hibernation (safe; 1% risk of failure)
Press: ? - help, Shift-Dir - straight line, f/p - Jorgrun
Aim: Jorgrun, wielding a +0 heavy quarterstaff and wearing a +0 robe (umbra, chance to affect: 1%) Jorgrun resists with almost no effort.
Malevolent energies surge around you. Jorgrun completely misses you. 😮 MP[-1]
You lost 1 mp, and now have 20/30 mp.
Casting: Ensorcelled Hibernation (safe; 1% risk of failure)
Confirm with . or Enter, or press ? or * to list all spells.
Aiming: Magic Dart (safe; 4% risk of failure)
Press: ? - help, Shift-Dir - straight line, f/p - Jorgrun
Aim: Jorgrun, wielding a +0 heavy quarterstaff and wearing a +0 robe (umbra, 100% to hit)
The magic dart hits Jorgrun.
Malevolent energies surge around you.
Your shadow mimics your spell!
The shadow shard hits Jorgrun! 😮 HP[+1] MP[-1]
You lost 1 mp, and now have 19/30 mp.
Casting: Magic Dart (safe; 4% risk of failure)
Confirm with . or Enter, or press ? or * to list all spells.
Aiming: Magic Dart (safe; 4% risk of failure)
Press: ? - help, Shift-Dir - straight line, f/p - Jorgrun
Aim: Jorgrun, wielding a +0 heavy quarterstaff and wearing a +0 robe (lightly wounded, umbra, 100% to hit)
The magic dart hits Jorgrun.
Malevolent energies surge around you.
Jorgrun hits you with a +0 heavy quarterstaff.
A frost giant comes into view.
It is wielding a +2 battleaxe of freezing. 😮 HP[-1] MP[-1]
You take 1 damage, and now have 62/91 hp.
You lost 1 mp, and now have 18/30 mp.
Casting: Magic Dart (safe; 4% risk of failure)
Confirm with . or Enter, or press ? or * to list all spells.
Aiming: Magic Dart (safe; 4% risk of failure)
Press: ? - help, Shift-Dir - straight line, f/p - Jorgrun
Aim: Jorgrun, wielding a +0 heavy quarterstaff and wearing a +0 robe (lightly wounded, umbra, 100% to hit)
The magic dart hits Jorgrun.
Malevolent energies surge around you.
Your shadow mimics your spell!
The shadow shard hits Jorgrun!
Jorgrun hits you with a +0 heavy quarterstaff! 😮 HP[-9] MP[-3]
You take 9 damage, and now have 53/91 hp.
You lost 3 mp, and now have 15/30 mp.
Casting: Magic Dart (safe; 4% risk of failure)
Confirm with . or Enter, or press ? or * to list all spells.
Aiming: Magic Dart (safe; 4% risk of failure)
Press: ? - help, Shift-Dir - straight line, f/p - Jorgrun
Aim: Jorgrun, wielding a +0 heavy quarterstaff and wearing a +0 robe (moderately wounded, umbra, 100% to hit)
The magic dart hits Jorgrun.
Malevolent energies surge around you.
Your shadow mimics your spell!
The shadow shard hits Jorgrun!
Casting: Magic Dart (safe; 4% risk of failure)
Confirm with . or Enter, or press ? or * to list all spells.
Aiming: Magic Dart (safe; 4% risk of failure)
Press: ? - help, Shift-Dir - straight line, f/p - Jorgrun
Aim: Jorgrun, wielding a +0 heavy quarterstaff and wearing a +0 robe (moderately wounded, umbra, 100% to hit)
The magic dart hits Jorgrun but does no damage.
Malevolent energies surge around you.
Your shadow mimics your spell!
The shadow shard hits Jorgrun!
Jorgrun points at you and mumbles some strange words.
The iron shot hits you!!!
Ouch! That really hurt!
You die...

Skill      XL: |  1  2  3  4  5  6  7  8  9 10 11 12 |
---------------+-------------------------------------+-----
Short Blades   | 1 2 3 4 6 7 10 | 10.8
Stealth        | 3 4 5 7 8 10 | 10.5
Ice Magic      | 1 2 3 4 5 |  5.0
Fighting       | 1 2 3 4 5 6 7 |  7.1
Armour         | 1 2 3 4 5 |  5.0
Spellcasting   | 3 4 5 6 |  6.0
Hexes          | 4 5 6 7 |  7.7
Dodging        | 3 |  3.9
Conjurations   | 1 |  1.7

Action                     |  1- 3 |  4- 6 |  7- 9 | 10-12 || total
---------------------------+-------+-------+-------+-------++-------
  Melee: Dagger            |   182 |   165 |   318 |   514 ||  1179
         Punch             |       |     1 |     9 |    10 ||    20
   Cast: Ensorcelled Hiber |     1 |    27 |    46 |    89 ||   163
         Confusing Touch   |       |       |    27 |    13 ||    40
         Magic Dart        |       |       |       |    10 ||    10
         Dazzling Flash    |       |       |       |     4 ||     4
    Use: Scroll            |       |     8 |     4 |    12 ||    24
         Potion            |       |     1 |       |     1 ||     2
   Stab: Sleeping          |     7 |    25 |    32 |    78 ||   142
         Paralysed         |       |    12 |    28 |    71 ||   111
         Confused          |       |       |    19 |     7 ||    26
         Invisible         |       |       |       |     6 ||     6
 Armour: Robe              |    66 |       |       |       ||    66
         Leather armour    |    29 |    82 |   121 |   281 ||   513
  Dodge: Dodged            |   114 |   103 |   196 |   392 ||   805

Levels and vault maps discovered:
D:1:      dpeg_arrival_ratfight, layout_basic, serial_curves, eino_curves_04,
          eino_curves_01, eino_curves_04, minmay_pentomino_u2
D:2:      minmay_door_path, layout_basic, uniq_crazy_yiuf_cottage, uniq_jessica
D:3:      layout_loops_ring, general_overflow_altar, lemuel_round_altar,
          chequers_ecumenical_altar_simple
D:4:      layout_basic, grunt_decor_mini_mirrors, minmay_misc_feat_pillars,
          nicolae_shop_self_help
D:5:      layout_rooms, mainiacjoe_overflow_brackets, minmay_bent,
          uniq_eustachio
D:6:      layout_basic, mainiacjoe_overflow_24_doors,
          mainiacjoe_overflow_small_starburst,
          mainiacjoe_overflow_cross_hatched, nicolae_overflow_two_pavilions,
          uniq_grinder
D:7:      layout_rooms, overflow_temple_1_default,
          minmay_temple_entry_nine_rooms, uniq_pikel
D:8:      layout_loops_ring, dpeg_oklobed_lair, enter_bailey_3
D:9:      layout_gridville, kennysheep_mini, minmay_orc_entry_temple_small,
          minmay_between
D:10:     layout_irregular_city
D:11:     layout_gridville, serial_shops, shop, grunt_livestock
D:12:     layout_basic, gammafunk_ghost_arena, minmay_three_doors, uniq_nergalle
D:13:     minmay_octo_star, layout_grid_maze, trog_ov_bears_minmay,
          uniq_jorgrun, uniq_nessos, uniq_kirke, uniq_erolcha

Notes
Turn   | Place    | Note
-------+----------+-------------------------------------------
     0 | D:1      | kae the Demonspawn Enchanter began the quest for the Orb.
     0 | D:1      | Reached XP level 1. HP: 13/13 MP: 3/3
     0 | D:1      | magus.rc [v1.11.3]
    53 | D:1      | Reached skill level 1 in Short Blades
   234 | D:1      | Reached skill level 3 in Stealth
   234 | D:1      | Gained mutation: Spells you cast may paralyse adjacent
                  | enemies. [demonic ancestry]
   234 | D:1      | Reached XP level 2. HP: 16/19 MP: 5/5
   237 | D:1      | Learned a level 2 spell: Ensorcelled Hibernation
   251 | D:1      | You pick up a book of Air and begin reading...
   251 | D:1      | You add the spells Shock, Swiftness and Airstrike to your
                  | library.
   411 | D:1      | You pick up a book of Lightning and begin reading...
   411 | D:1      | You add the spells Vhi's Electric Charge, Arcjolt and
                  | Plasma Beam to your library.
   455 | D:1      | HP: 5/20 [goblin/+0 club (2)]
   456 | D:1      | HP: 1/20 [goblin/+0 club (4)]
   702 | D:1      | You pick up a book of Conjurations and begin reading...
   702 | D:1      | You add the spells Magic Dart, Searing Ray and Fulminant
                  | Prism to your library.
   724 | D:1      | Gained mutation: You are surrounded by a mild repulsion
                  | field. (EV +2) [demonic ancestry]
   724 | D:1      | Reached XP level 3. HP: 21/25 MP: 6/6
  1203 | D:2      | Learned a level 3 spell: Confusing Touch
  1263 | D:2      | Noticed Jessica
  1266 | D:2      | Killed Jessica
  1267 | D:2      | Reached skill level 1 in Ice Magic
  1267 | D:2      | Reached XP level 4. HP: 31/31 MP: 4/7
  1733 | D:2      | Reached skill level 2 in Short Blades
  1750 | D:2      | You pick up a book of Frost and begin reading...
  1750 | D:2      | You add the spells Freeze, Frozen Ramparts and Hailstorm to
                  | your library.
  1859 | D:2      | Reached skill level 1 in Fighting
  1949 | D:2      | Found a runed translucent door.
  1949 | D:2      | Found the +6 shillelagh "Devastator" {shatter}
  1950 | D:2      | Noticed Crazy Yiuf
  2121 | D:3      | Found a faded altar of an unknown god.
  2132 | D:3      | Reached XP level 5. HP: 28/37 MP: 8/8
  2232 | D:3      | Identified the ring "Motumatz" {rPois MP+9 Str+3 Int+6
                  | Dex+2}
  2315 | D:3      | Found a radiant altar of Vehumet.
  2437 | D:3      | Found a stormy altar of Qazlal.
  2485 | D:3      | You fall into a shaft and drop 1 floor!
  2496 | D:4      | Noticed an ogre
  2867 | D:3      | Reached skill level 1 in Armour
  3081 | D:4      | Gained mutation: You regenerate magic rapidly. [demonic
                  | ancestry]
  3081 | D:4      | Reached XP level 6. HP: 43/43 MP: 4/10
  3086 | D:4      | Reached skill level 2 in Ice Magic
  3171 | D:4      | You pick up a book of Misfortune and begin reading...
  3171 | D:4      | You add the spells Inner Flame, Yara's Violent Unravelling
                  | and Enfeeble to your library.
  3288 | D:4      | Found Ichokoal's Self-Improvement Boutique.
  3342 | D:4      | Reached skill level 4 in Stealth
  3409 | D:4      | Reached skill level 3 in Short Blades
  3483 | D:4      | Reached skill level 2 in Fighting
  3632 | D:4      | Reached skill level 3 in Spellcasting
  3632 | D:4      | Reached XP level 7. HP: 45/50 MP: 11/11
  3690 | D:5      | Entered Level 5 of the Dungeon
  3708 | D:5      | Reached skill level 4 in Hexes
  3712 | D:5      | Reached skill level 3 in Ice Magic
  3742 | D:5      | Found a shadowy altar of Dithmenos.
  3783 | D:5      | Became a worshipper of Dithmenos the Shadowed
  3829 | D:5      | Noticed Eustachio
  3839 | D:5      | Killed Eustachio
  3840 | D:5      | Reached skill level 2 in Armour
  3878 | D:5      | Identified the +5 war axe of the Lumpy Interlopers {drain,
                  | rElec rC+++ rCorr Dex-5}
  4056 | D:5      | Gained mutation: You have large cloven feet. [demonic
                  | ancestry]
  4056 | D:5      | Reached XP level 8. HP: 57/57 MP: 13/13
  4107 | D:5      | Reached skill level 4 in Short Blades
  4115 | D:5      | Reached skill level 5 in Stealth
  4211 | D:5      | You add the spells Sting, Poisonous Vapours and Olgreb's
                  | Toxic Radiance to your library.
  4497 | D:6      | Reached skill level 3 in Fighting
  4519 | D:6      | Found a sacrificial altar of Ru.
  4529 | D:6      | Noticed Grinder
  4552 | D:6      | Reached skill level 4 in Ice Magic
  4593 | D:6      | Paralysed by Grinder for 4 turns
  4689 | D:6      | Paralysed by Grinder for 3 turns
  4700 | D:6      | Killed Grinder
  4997 | D:6      | Found an ancient bone altar of Kikubaaqudgha.
  5014 | D:6      | Reached skill level 3 in Armour
  5014 | D:6      | Gained mutation: When hurt, damage is shared between your
                  | health and your magic reserves. [demonic ancestry]
  5014 | D:6      | Reached XP level 9. HP: 64/64 MP: 14/14
  5199 | D:6      | Found a hide-covered altar of Uskayaw.
  5228 | D:6      | Reached skill level 5 in Short Blades
  5228 | D:6      | Reached skill level 4 in Spellcasting
  5265 | D:6      | Reached skill level 6 in Stealth
  5474 | D:6      | Found a blossoming altar of Fedhas.
  5474 | D:6      | Found a basalt altar of Yredelemnul.
  5673 | D:7      | Reached skill level 5 in Hexes
  5752 | D:7      | Found a snail-covered altar of Cheibriados.
  5860 | D:7      | Reached skill level 5 in Ice Magic
  5912 | D:7      | Reached * piety under Dithmenos
  5940 | D:7      | Noticed Pikel
  5967 | D:7      | Killed Pikel
  5968 | D:7      | Reached skill level 4 in Fighting
  6109 | D:6      | Reached skill level 6 in Short Blades
  6109 | D:6      | Reached skill level 7 in Stealth
  6540 | D:7      | Found a staircase to the Ecumenical Temple.
  6544 | D:7      | Reached XP level 10. HP: 72/73 MP: 17/17
  6675 | D:8      | Learned a level 3 spell: Tukima's Dance
  6679 | D:8      | Learned a level 3 spell: Dazzling Flash
  6687 | D:8      | Learned a level 7 spell: Enfeeble
  6703 | D:8      | Reached skill level 4 in Armour
  6743 | D:8      | Found a staircase to the Lair.
  6807 | D:8      | Reached ** piety under Dithmenos
  6834 | D:8      | Found a flagged portal.
  6859 | Bailey   | Entered a bailey
  7004 | Bailey   | Reached skill level 5 in Spellcasting
  7018 | Bailey   | Noticed an orc knight
  7043 | Bailey   | Killed an orc knight
  7044 | Bailey   | Reached skill level 6 in Hexes
  7060 | Bailey   | Reached skill level 5 in Fighting
  7186 | Bailey   | Reached skill level 8 in Stealth
  7187 | Bailey   | Reached skill level 7 in Short Blades
  7268 | Bailey   | Noticed an orc warlord
  7280 | Bailey   | Killed an orc warlord
  7507 | D:8      | Reached *** piety under Dithmenos
  7686 | D:8      | Reached XP level 11. HP: 69/74 MP: 19/19
  8048 | D:9      | Reached skill level 5 in Armour
  8262 | D:9      | Found a staircase to the Orcish Mines.
  8302 | D:9      | You pick up a book of Power and begin reading...
  8302 | D:9      | You add the spells Iskenderun's Battlesphere, Bombard and
                  | Spellforged Servitor to your library.
  8318 | D:9      | Reached **** piety under Dithmenos
  8497 | D:9      | Found an opulent altar of Gozag.
  8784 | D:9      | Acquired 884 gold pieces
  8875 | D:4      | Bought a manual of Short Blades for 960 gold pieces
  9013 | D:9      | Identified the +2 pair of gloves "Camnuon" {rN+ Dex+2 SInv}
  9074 | D:10     | Entered Level 10 of the Dungeon
  9217 | D:10     | Reached skill level 8 in Short Blades
  9217 | D:10     | Reached skill level 9 in Stealth
  9406 | D:10     | Noticed a two-headed ogre
  9413 | D:10     | Killed a two-headed ogre
  9414 | D:10     | Reached skill level 2 in Dodging
  9432 | D:10     | You pick up a book of Conjurations and begin reading...
  9505 | D:10     | Reached skill level 6 in Fighting
  9505 | D:10     | Reached skill level 6 in Spellcasting
 10063 | D:11     | Found Ezivug's Armour Shop.
 10128 | D:11     | Reached skill level 9 in Short Blades
 10132 | D:11     | Reached skill level 7 in Hexes
 10238 | D:11     | Noticed a cyan ugly thing
 10248 | D:11     | Killed a cyan ugly thing
 10261 | D:11     | Learned a level 1 spell: Magic Dart
 10568 | D:11     | Reached ***** piety under Dithmenos
 10582 | D:11     | Reached skill level 3 in Dodging
 10817 | D:11     | Acquired the ring of Win Xumo {Fly rElec rN+ Int+4}
 10941 | D:12     | Found a transporter.
 10945 | D:12     | Noticed zurenarrh's ghost (journeyman DjFE)
 10952 | D:12     | Found a transporter.
 10952 | D:12     | Noticed a centaur warrior
 10952 | D:12     | Noticed a flayed ghost
 10956 | D:12     | Noticed a boulder beetle
 11042 | D:12     | Reached skill level 10 in Stealth
 11112 | D:12     | Noticed Nergalle
 11116 | D:12     | Killed Nergalle
 11117 | D:12     | Reached skill level 10 in Short Blades
 11117 | D:12     | Gained mutation: You are surrounded by a moderate repulsion
                  | field. (EV +3) [demonic ancestry]
 11117 | D:12     | Reached XP level 12. HP: 89/89 MP: 21/21
 11228 | D:12     | Noticed a frost giant
 11248 | D:12     | Killed a frost giant
 11249 | D:12     | Reached skill level 1 in Conjurations
 12261 | D:13     | Noticed a boulder beetle
 12267 | D:13     | Killed a boulder beetle
 12268 | D:13     | Reached skill level 7 in Fighting
 12268 | D:13     | Noticed a centaur warrior
 12277 | D:13     | Killed a centaur warrior
 12277 | D:13     | Noticed Nessos
 12288 | D:13     | Noticed Kirke
 12318 | D:13     | Noticed Jorgrun
 12324 | D:13     | Noticed a frost giant
 12327 | D:13     | Killed from afar by Jorgrun

Vanquished Creatures
  A frost giant (D:12)
  An orc warlord (Bailey)
  A boulder beetle (D:13)
  A centaur warrior (D:13)
  A two-headed ogre (D:10)
  Nergalle (D:12)
  Pikel (D:7)
  An orc knight (Bailey)
  An ugly thing (D:11)
  2 cyclopes
  A cane toad (shapeshifter) (D:13)
  An unseen horror (D:12)
  A gargoyle (D:10)
  A freezing wraith (D:12)
  A kobold demonologist (D:10)
  2 trolls (D:12)
  A hornet (D:11)
  Grinder (D:6)
  A shadow (D:11)
  2 wraiths (D:12)
  3 hogs (D:11)
  A vampire (D:10)
  A wyvern (D:7)
  12 yaks
  Eustachio (D:5)
  A human (D:11)
  5 vampire mosquitoes
  A steam dragon (D:8)
  An acid dragon (D:9)
  2 water moccasins
  12 orc warriors
  4 ice beasts
  3 ogres
  2 black bears
  2 phantoms (D:7)
  8 centaurs
  2 lemures (D:7)
  3 kobold brigands
  A bullfrog (D:8)
  4 scorpions
  2 gnoll sergeants
  17 wights
  19 killer bees
  3 howler monkeys
  6 hounds
  2 jellies
  5 orc priests
  A gnoll bouda (D:9)
  A sleepcap (D:6)
  Jessica (D:2)
  5 iguanas
  19 orc wizards
  19 gnolls
  4 adders
  A shadow imp (D:5)
  3 white imps
  2 ufetubi (D:6)
  2 worms
  A dart slug (D:1)
  53 orcs
  10 bats
  8 endoplasms
  4 giant cockroaches
  27 goblins
  9 hobgoblins
  2 jackals (D:2)
  2 quokkas (D:2)
  6 ball pythons
  A frilled lizard (D:1)
  28 kobolds
  9 rats
364 creatures vanquished.

Table legend:
 A = Non-vault XP
 B = Vault XP
 C = Vault XP percentage of total XP
 D = Non-vault monster count
 E = Vault monster count
 F = Vault count percentage of total count
                 A         B        C        D         E       F
            +---------+---------+-------+---------+---------+-------
      Total |   18537 |    8762 |  32.1 |     277 |      85 |  23.5
            +---------+---------+-------+---------+---------+-------
        D:1 |      42 |       8 |  16.0 |      26 |       7 |  21.2
        D:2 |      55 |      43 |  43.9 |      18 |       5 |  21.7
        D:3 |     123 |       0 |   0.0 |      14 |       0 |   0.0
        D:4 |     569 |       0 |   0.0 |      27 |       0 |   0.0
        D:5 |     473 |     610 |  56.3 |      10 |       9 |  47.4
        D:6 |    1173 |     258 |  18.0 |      21 |       1 |   4.5
        D:7 |    1521 |     663 |  30.4 |      36 |       1 |   2.7
        D:8 |    2585 |       8 |   0.3 |      32 |       4 |  11.1
        D:9 |    1432 |     544 |  27.5 |      42 |      12 |  22.2
       D:10 |    2484 |       0 |   0.0 |      11 |       0 |   0.0
       D:11 |    3314 |    1005 |  23.3 |      21 |       5 |  19.2
       D:12 |    2671 |    2410 |  47.4 |      16 |       3 |  15.8
       D:13 |    2095 |       0 |   0.0 |       3 |       0 |   0.0
     Bailey |       0 |    3213 | 100.0 |       0 |      38 | 100.0
            +---------+---------+-------+---------+---------+-------

Skill      XL: |  1  2  3  4  5  6  7  8  9 10 11 12 |
---------------+-------------------------------------+-----
Short Blades   | 1 2 3 4 6 7 10 | 10.8
Stealth        | 3 4 5 7 8 10 | 10.5
Ice Magic      | 1 2 3 4 5 |  5.0
Fighting       | 1 2 3 4 5 6 7 |  7.1
Armour         | 1 2 3 4 5 |  5.0
Spellcasting   | 3 4 5 6 |  6.0
Hexes          | 4 5 6 7 |  7.7
Dodging        | 3 |  3.9
Conjurations   | 1 |  1.7

Action                     |  1- 3 |  4- 6 |  7- 9 | 10-12 || total
---------------------------+-------+-------+-------+-------++-------
  Melee: Dagger            |   182 |   165 |   318 |   514 ||  1179
         Punch             |       |     1 |     9 |    10 ||    20
   Cast: Ensorcelled Hiber |     1 |    27 |    46 |    89 ||   163
         Confusing Touch   |       |       |    27 |    13 ||    40
         Magic Dart        |       |       |       |    10 ||    10
         Dazzling Flash    |       |       |       |     4 ||     4
    Use: Scroll            |       |     8 |     4 |    12 ||    24
         Potion            |       |     1 |       |     1 ||     2
   Stab: Sleeping          |     7 |    25 |    32 |    78 ||   142
         Paralysed         |       |    12 |    28 |    71 ||   111
         Confused          |       |       |    19 |     7 ||    26
         Invisible         |       |       |       |     6 ||     6
 Armour: Robe              |    66 |       |       |       ||    66
         Leather armour    |    29 |    82 |   121 |   281 ||   513
  Dodge: Dodged            |   114 |   103 |   196 |   392 ||   805

Illustrated notes

Table legend:
 A = Kills in this place as a percentage of kills in the entire game.
 B = Kills by you in this place as a percentage of kills by you in the entire game.
 C = Kills by friends in this place as a percentage of kills by friends in the entire game.
 D = Other kills in this place as a percentage of other kills in the entire game.
 E = Experience gained in this place as a percentage of experience gained in the entire game.
 F = Experience gained in this place divided by the number of levels of this place that you have seen.
                   A       B       C       D       E      F
               +-------+-------+-------+-------+-------+----------------------
         Total | 100.0 | 100.0 |   N/A | 100.0 | 100.0 | 1949.9
       Dungeon |  89.5 |  89.4 |   N/A | 100.0 |  88.2 | 1852.8
        Bailey |  10.5 |  10.6 |   N/A |   0.0 |  11.8 | 3213.0
               +-------+-------+-------+-------+-------+----------------------

Table legend: (Time is in decaauts)
 A = Elapsed time spent in this place.
 B = Non-inter-level travel time spent in this place.
 C = Inter-level travel time spent in this place.
 D = Time resting spent in this place.
 E = Time spent auto-exploring this place.
 F = Levels seen in this place.
 G = Mean time per level.
                   A        B        C        D        E       F      G
               +--------+--------+--------+--------+--------+-----+--------+
         Total |  11999 |  11414 |    585 |   1001 |   7764 |  14 |  857.1 |
       Dungeon |  11483 |  10898 |    585 |    986 |   7488 |  13 |  883.3 |
        Bailey |    515 |    515 |      0 |     15 |    276 |   1 |  515.0 |
               +--------+--------+--------+--------+--------+-----+--------+

Top non-repeatable levels by time:
    D:12: 1304 daAuts
     D:6: 1173 daAuts
     D:2: 1056 daAuts
     D:1: 1004 daAuts
     D:7: 967 daAuts
    D:11: 927 daAuts
     D:9: 899 daAuts
     D:5: 896 daAuts
     D:3: 878 daAuts
     D:8: 824 daAuts
     D:4: 734 daAuts
    D:10: 717 daAuts
  Bailey: 515 daAuts
    D:13: 100 daAuts
